 Dungeon Crawl Stone Soup version 0.28-b1-1-g3c77fb2ed1 (webtiles) character file.

Game seed: 17179643874683757278

354 comborobin the Ruffian (level 6, -12/62 HPs)
             Began as a Troll Cinder Acolyte on Jan 30, 2022.
             Was a High Priest of Ignis.
             Mangled by an ogre (25 damage)
             ... on level 4 of the Dungeon.
             The game lasted 00:01:45 (899 turns).

comborobin the Ruffian (Troll Cinder Acolyte)        Turns: 899, Time: 00:01:46

Health: -12/62     AC:  4    Str: 28    XL:     6   Next: 35%
Magic:  6/6        EV: 10    Int: 10    God:    Ignis [*****.]
Gold:   44         SH:  0    Dex: 11    Spells: 7/7 levels left

rFire   + . .      SeeInvis .   i - +10 quarterstaff of Xaohox {vorpal, Str+5 Dex+4}
rCold   . . .      Faith    .   (shield currently unavailable)
rNeg    . . .      Spirit   .   a - +0 robe
rPois   .          Reflect  .   (helmet restricted)
rElec   .          Harm     .   (no cloak)
rCorr   .          Rampage  .   (gloves unavailable)
Will    .....                   (boots unavailable)
Stlth   +.........              (no amulet)
HPRegen 1.00/turn               (no ring)
MPRegen 0.10/turn               (no ring)

@: no status effects
A: large, unfitting armour, claws 3, regeneration 1, shaggy fur 1, tough skin 1
a: Renounce Religion, Fiery Armour, Foxfire Swarm, Rising Flame


You were on level 4 of the Dungeon.
You worshipped Ignis.
Ignis was extremely pleased with you.
You visited 1 branch of the dungeon, and saw 4 of its levels.

You collected 86 gold pieces.
You spent 42 gold pieces at shops.

Inventory:

Hand Weapons
 f - the +8 rapier of Tension {freeze, rElec rF+ rN++ Dex-3}
   (You found it on level 4 of the Dungeon)

   It freezes those it strikes, dealing additional cold damage.
   It can also slow down cold-blooded creatures.
   Dex:       It affects your dexterity (-3).
   rF:        It protects you from fire.
   rElec:     It insulates you from electricity.
   rN:        It greatly protects you from negative energy.
 i - the +10 quarterstaff of Xaohox (weapon) {vorpal, Str+5 Dex+4}
   (You found it on level 4 of the Dungeon)

   It inflicts extra damage upon your enemies.
   Str:       It affects your strength (+5).
   Dex:       It affects your dexterity (+4).
Armour
 a - a +0 robe (worn)
Magical Staves
 b - a staff of conjuration
Wands
 l - a wand of paralysis (5)
Scrolls
 d - a scroll of summoning
 g - a scroll of amnesia {unknown}
 j - a scroll of silence {unknown}
Potions
 c - 2 potions of curing {unknown}
 e - a potion of mutation {unknown}
 h - 2 potions of flight {unknown}
 k - 3 potions of lignification
 m - 2 potions of heal wounds {unknown}


   Skills:
 + Level 3.8 Fighting
 + Level 1.2 Staves
 + Level 2.6 Dodging
 + Level 4.7 Unarmed Combat
 - Level 1.0 Spellcasting
 - Level 2.1 Fire Magic


You had 7 spell levels left.
You didn't know any spells.
Your spell library contained the following spells:

 Spells                   Type           Power      Damage    Failure   Level
 Scorch                   Fire           8%         2d5       22%         2


Dungeon Overview and Level Annotations

Branches:
Dungeon (4/15)
 Temple: D:4-7

Altars:

Shops:
D:4 !


Innate Abilities, Weirdness & Mutations

You are too large for most types of armour.
You have claws for hands.
Your natural rate of healing is unusually fast.
You are covered in fur. (AC +1)
You have tough skin. (AC +1)


Message History

a +0 flail; an orc corpse You sock the orc!
You kill the orc!
The orc closely misses you. x2
You sock the orc!
You kill the orc!
The orc hits you but does no damage.
You sock the orc!
You kill the orc!
No target in view!
No target in view!
No target in view!
Found a stone staircase leading up.
Things that are here:
a +0 club; a +0 leather armour; an orc corpse
There is an entrance to Pekedwov's Distillery here.
k - 2 potions of lignification (gained 1) Thank you for shopping at Pekedwov's Distillery!
Unknown command.
There is a stone staircase leading down here.
Things that are here:
a +0 club; a +0 leather armour
Things that are here:
a +2 flail of holy wrath; an orc corpse
k - 3 potions of lignification (gained 1)
An ogre comes into view. It is wielding a +0 giant club.
The ogre shouts!
An ogre is nearby!
The ogre barely misses you.
You hit the ogre.
The ogre is lightly wounded.
The ogre hits you with a +0 giant club!!
You barely miss the ogre.
The ogre is lightly wounded.
The ogre hits you with a +0 giant club!!
* * * LOW HITPOINT WARNING * * *
You barely miss the ogre.
The ogre is lightly wounded.
The ogre hits you with a +0 giant club!!
You die...

##.............. ##
##.#..###.#..)).. #
##.###...#.##..##.))..
##.#...#..........#......
#........##...###........
##...##..###.......###...
###......#........####..
#...#.....##......###..
##....@...####.....###.
#....O##.# ##........
#..........####........
##.....................
##....................
#...###.......#......
#### #.......###....
###.####.......###....
##.#.............#...(.


You could see an ogre.

Vanquished Creatures
  An ogre (D:4)
  A scorpion (D:4)
  An orc priest (D:4)
  2 hounds (D:4)
  2 orc wizards (D:4)
  3 adders
  A worm (D:2)
  3 dart slugs
  11 orcs
  A ball python (D:3)
  An endoplasm (D:2)
  A giant cockroach (D:2)
  6 goblins
  3 hobgoblins
  4 kobolds
  A rat (D:2)
42 creatures vanquished.

Notes
Turn   | Place    | Note
-------+----------+-------------------------------------------
     0 | D:1      | comborobin the Troll Cinder Acolyte began the quest for the
                  | Orb.
     0 | D:1      | Reached XP level 1. HP: 22/22 MP: 1/1
    76 | D:1      | You fall into a shaft and drop 1 floor!
   134 | D:2      | Reached XP level 2. HP: 29/29 MP: 2/2
   176 | D:2      | Found a faded altar of an unknown god.
   305 | D:2      | Reached skill level 4 in Unarmed Combat
   377 | D:3      | Reached XP level 3. HP: 36/36 MP: 3/3
   397 | D:4      | Identified the +8 rapier of Tension {freeze, rElec rF+ rN++
                  | Dex-3}
   464 | D:4      | Identified the +10 quarterstaff of Xaohox {vorpal, Str+5
                  | Dex+4}
   538 | D:4      | Reached skill level 1 in Dodging
   538 | D:4      | Reached XP level 4. HP: 37/44 MP: 4/4
   749 | D:4      | Reached XP level 5. HP: 48/53 MP: 5/5
   765 | D:4      | Noticed an ogre
   772 | D:4      | Killed an ogre
   773 | D:4      | Reached skill level 1 in Staves
   773 | D:4      | Reached XP level 6. HP: 62/62 MP: 6/6
   850 | D:4      | Found Pekedwov's Distillery.
   862 | D:4      | Bought a potion of lignification for 42 gold pieces
   899 | D:4      | Mangled by an ogre

Illustrated notes

Levels and vault maps discovered:
D:1:      dpeg_arrival_erosion, layout_loops_ring
D:2:      layout_basic, hellmonk_ecumenical_altar_run_dry,
          uniq_crazy_yiuf_cottage
D:3:      layout_basic, gammafunk_temple_overflow_wave,
          hangedman_decor_riveting, minmay_pentomino_pile
D:4:      minmay_chambers_of_threes, layout_cave_pools, serial_shops,
          nicolae_stop_n_shop_1

Skill      XL: |  1  2  3  4  5 |
---------------+----------------+-----
Unarmed Combat | 4 |  4.7
Dodging        | 1 2 |  2.6
Fighting       | 3 |  3.8
Staves         | 1 |  1.2
Spellcasting   | |  1.0
Fire Magic     | |  2.1

Action                   |  1- 3 |  4- 6 || total
-------------------------+-------+-------++-------
Melee: Unarmed           |    47 |       ||    47
       Punch             |     3 |       ||     3
       Rapier            |    13 |       ||    13
       Quarterstaff      |     5 |    38 ||    43
Armor: Robe              |    16 |    10 ||    26
Dodge: Dodged            |    32 |    16 ||    48
